 Dungeon Crawl Stone Soup version 0.23.2 (webtiles) character file.

Game seed: 2344556682209044407

126 sanboga the Skirmisher (level 5, -2/33 HPs)
             Began as a Gargoyle Berserker on Apr 3, 2019.
             Was a Believer of Trog.
             Slain by Fang's ghost (7 damage)
             ... on level 3 of the Dungeon.
             The game lasted 00:03:51 (1873 turns).

sanboga the Skirmisher (Gargoyle Berserker)         Turns: 1873, Time: 00:03:51

Health: -2/33      AC: 14    Str: 22    XL:     5   Next: 10%
Magic:  5/5        EV:  8    Int:  7    God:    Trog [**....]
Gold:   58         SH:  0    Dex:  9    Spells: 4/4 levels left

rFire    . . .     SeeInvis .   a - +0 hand axe
rCold    . . .     Gourm    .   (no shield)
rNeg     + . .     Faith    .   h - +0 chain mail
rPois    ∞         Spirit   .   (no helmet)
rElec    +         Reflect  .   (no cloak)
rCorr    .         Harm     .   l - +0 pair of gloves
MR       .....                  (no boots)
Stlth    ..........             (no amulet)
HPRegen  0.11/turn              (no ring)
MPRegen  0.09/turn              (no ring)

@: berserk cooldown, slowed, very slow
A: negative energy resistance 1, electricity resistance, unbreathing,
petrification resistance, rot immunity, AC +4
a: Berserk, Trog's Hand, Renounce Religion


You were on level 3 of the Dungeon.
You worshipped Trog.
Trog was pleased with you.
You were hungry.

You visited 1 branch of the dungeon, and saw 3 of its levels.

You collected 58 gold pieces.

Inventory:

Hand Weapons
 a - a +0 hand axe (weapon)
 b - a +0 battleaxe
Armour
 h - a +0 chain mail (worn)
 l - a +0 pair of gloves (worn)
Wands
 i - a wand of disintegration (15)
Potions
 d - a potion of haste
 e - 2 potions of flight
 j - a potion of curing
Comestibles
 c - 4 rations
 f - 4 chunks of flesh


   Skills:
 + Level 4.2 Fighting
 * Level 4.0 Axes
 + Level 3.3 Armour
 - Level 1.5 Dodging


You had 4 spell levels left.
You didn't know any spells.
Your spell library was empty.

Dungeon Overview and Level Annotations

Branches:
Dungeon (3/15)

Altars:
Dithmenos
Qazlal

Annotations:
D:3 Fang's ghost, amateur GrBe


Innate Abilities, Weirdness & Mutations

You are resistant to torment.
Your stone body is resilient. (AC +4)
You are immune to poison.
You resist negative energy. (rN+)
You are resistant to electric shocks. (rElec)
You can survive without breathing.
You are immune to petrification.
You are immune to rotting.


Message History

Fang's ghost barely misses you.
Fang's ghost yells, "Who would have thought, even in death it is a pleasure to sever!"
Fang's ghost hits you but does no damage.
You barely miss Fang's ghost.
Fang's ghost is heavily damaged.
Fang's ghost hits you but does no damage.
You hit Fang's ghost but do no damage.
Fang's ghost is heavily damaged.
Fang's ghost hits you but does no damage.
Fang's ghost yells, "Who would have thought, even in death it is a pleasure to sever!"
Fang's ghost hits you but does no damage.
You hit Fang's ghost.
Fang's ghost is heavily damaged.
Fang's ghost barely misses you.
You barely miss Fang's ghost.
Fang's ghost is heavily damaged.
Fang's ghost hits you but does no damage.
Fang's ghost screams, "Zot is a myth, the ORB is a fable, you'll soon be a tale!"
Fang's ghost hits you!
You die...

#.....# #. #.###.#
#.# ..# #.# #.# .##
#.# #.# .# #.# #.#
.####.## #.#
..<....# #.#####
#####..# #.....#
#..# #.###@## #..#
#.##††W# #..#
#.###'##
###..#####.##≈≈≈#
###.....<....##≈≈≈#
##.....##.....#≈≈≈#
..).....#.#..##≈≈≈#
##...##.#.#..##≈?≈#
###.###.#.#..##≈≈≈#


You could see Fang's ghost.

Vanquished Creatures
  4 gnolls (D:3)
  A river rat (D:3)
  An adder (D:3)
  A worm (D:2)
  A dart slug (D:1)
  2 leopard geckos
  A ball python (D:3)
  4 giant cockroaches
  10 goblins
  7 hobgoblins
  10 jackals
  3 bats (D:1)
  3 frilled lizards
  7 kobolds
  6 rats
61 creatures vanquished.

Notes
Turn   | Place    | Note
-------+----------+-------------------------------------------
     0 | D:1      | sanboga the Gargoyle Berserker began the quest for the Orb.
     0 | D:1      | Reached XP level 1. HP: 14/14 MP: 1/1
   167 | D:1      | Reached XP level 2. HP: 19/19 MP: 2/2
   640 | D:1      | Reached XP level 3. HP: 23/23 MP: 3/3
   972 | D:2      | Reached ** piety under Trog
  1751 | D:3      | Reached XP level 4. HP: 29/29 MP: 4/4
  1790 | D:3      | Found a shadowy altar of Dithmenos.
  1790 | D:3      | Found a stormy altar of Qazlal.
  1841 | D:3      | Found a runed translucent door.
  1842 | D:3      | Noticed Fang's ghost (amateur GrBe)
  1857 | D:3      | Reached XP level 5. HP: 32/33 MP: 5/5
  1873 | D:3      | Slain by Fang's ghost

Skill      XL: |  1  2  3  4 |
---------------+-------------+-----
Axes           | 3 4 |  4.0
Armour         | 3 |  3.3
Fighting       | 4 |  4.2
Dodging        | |  1.5

Action                   |  1- 3 |  4- 6 || total
-------------------------+-------+-------++-------
Melee: Hand axe          |   138 |    42 ||   180
Invok: Berserk           |     1 |     1 ||     2
  Use: Scroll            |     7 |       ||     7
       Potion            |     1 |       ||     1
  Eat: Chunk             |     3 |     1 ||     4
Armor: Animal skin       |     8 |       ||     8
       Ring mail         |    28 |       ||    28
       Chain mail        |    45 |    28 ||    73
Dodge: Dodged            |    63 |    26 ||    89
